 Seeded DCSS version 0.28-a0-1594-ga885d4b3d6 (webtiles) character file.

Game seed: 11 (custom seed)

7 knot the Chopper (level 1, 0/18 HPs)
             Began as a Demonspawn Berserker on Jan 20, 2022.
             Was a Follower of Trog.
             Slain by a ball python (1 damage)
             ... on level 1 of the Dungeon.
             The game lasted 00:00:21 (67 turns).

knot the Chopper (Demonspawn Berserker)               Turns: 67, Time: 00:00:21

Health: 0/18       AC:  2    Str: 17    XL:     1   Next: 83%
Magic:  1/1        EV:  9    Int:  8    God:    Trog [*.....]
Gold:   7          SH:  0    Dex: 12    Spells: 0/0 levels left

rFire   . . .      SeeInvis .   a - +0 hand axe
rCold   . . .      Faith    .   (no shield)
rNeg    . . .      Spirit   .   b - +0 animal skin
rPois   .          Reflect  .   (no helmet)
rElec   .          Harm     .   (no cloak)
rCorr   .          Rampage  .   (no gloves)
Will    .....                   (no boots)
Stlth   +.........              (no amulet)
HPRegen 0.06/turn               (no ring)
MPRegen 0.07/turn               (no ring)

@: on berserk cooldown, slowed, constricted, very slow
A: no striking features
a: Renounce Religion, Berserk


You were on level 1 of the Dungeon.
You worshipped Trog.
Trog was aware of your devotion.
You visited 1 branch of the dungeon, and saw 1 of its levels.

You collected 7 gold pieces.

Inventory:

Hand Weapons
 a - a +0 hand axe (weapon)
Armour
 b - a +0 animal skin (worn)
Potions
 c - a potion of brilliance {unknown}


   Skills:
 - Level 3.0 Fighting
 + Level 3.1 Axes
 - Level 1.7 Armour
 - Level 1.7 Dodging


You couldn't memorise any spells.
You didn't know any spells.
Your spell library was empty.

Dungeon Overview and Level Annotations

Branches:
Dungeon (1/15)

Altars:


Message History

Your Axes skill increases to level 3!
You barely miss the bat. You closely miss the kobold. The bat misses you.
The bat closely misses you. The kobold barely misses you.
You barely miss the bat. You barely miss the kobold. The bat hits you.
A ball python comes into view.
The kobold barely misses you.
You closely miss the kobold.
The ball python hisses angrily.
You slash the kobold!
You kill the kobold!
Trog accepts your kill.
You feel a strong urge to attack something.
The bat hits you but does no damage.
You feel your anger nearly subside.
You are no longer berserk.
You are exhausted.
You feel yourself slow down. The bat closely misses you.
You hit the bat.
The bat is severely wounded.
The bat closely misses you. The bat hits you but does no damage. x2
The ball python misses you. The ball python grabs you.
The ball python constricts you.
You closely miss the ball python. The bat hits you but does no damage.
The bat barely misses you. The bat hits you.
* * * LOW HITPOINT WARNING * * *
The ball python barely misses you. The ball python constricts you.
The ball python bites you.
* * * LOW HITPOINT WARNING * * *
The ball python constricts you.
* * * LOW HITPOINT WARNING * * *
You closely miss the bat. You closely miss the ball python.
The bat barely misses you. The bat hits you.
* * * LOW HITPOINT WARNING * * *
The bat closely misses you. The ball python barely misses you.
The ball python constricts you. The ball python barely misses you.
The ball python constricts you. The bat hits you.
* * * LOW HITPOINT WARNING * * *
You closely miss the bat. You barely miss the ball python.
The bat hits you but does no damage. The ball python bites you.
You die...

......)))......
#.#†#### #.#.#..
#.#.#.#
#######.b.#.####### #
...................
##.#.#####.###........
#^...#####.###S.......
#........b.@..>.....
#..##'##############
#...###...###...#
#.8.....8.....8.#
#...###...###...#
##### ##### ##.##
#...###...###...#
#.8.....8.....8.#
#...###...###...#


You could see a bat and a ball python.

Vanquished Creatures
  An endoplasm (D:1)
  A goblin (D:1)
  4 kobolds (D:1)
  A ball python (D:1)
7 creatures vanquished.

Notes
Turn   | Place    | Note
-------+----------+-------------------------------------------
     0 | D:1      | knot the Demonspawn Berserker began the quest for the Orb.
     0 | D:1      | Reached XP level 1. HP: 18/18 MP: 1/1
    67 | D:1      | Slain by a ball python

Illustrated notes

Levels and vault maps discovered:
D:1:      minmay_arrival_nine_rooms, layout_rooms, basic_ecumenical_altar

Skill      XL: |  1 |
---------------+----+-----
Axes           | 3 |  3.1
Fighting       | |  3.0
Armour         | |  1.7
Dodging        | |  1.7

Action                   || total
-------------------------++-------
Melee: Hand axe          ||    15
Invok: Berserk           ||     1
Armor: Animal skin       ||     6
Dodge: Dodged            ||    21

Table legend: (Time is in decaauts)
 A = Elapsed time spent in this place.
 B = Non-inter-level travel time spent in this place.
 C = Inter-level travel time spent in this place.
 D = Time resting spent in this place.
 E = Time spent auto-exploring this place.
 F = Levels seen in this place.
 G = Mean time per level.
                   A        B        C        D        E       F      G
               +--------+--------+--------+--------+--------+-----+--------+
         Total |     69 |     69 |      0 |      0 |     35 |   1 |   69.0 |
       Dungeon |     69 |     69 |      0 |      0 |     35 |   1 |   69.0 |
               +--------+--------+--------+--------+--------+-----+--------+

Top non-repeatable levels by time:
     D:1: 69 daAuts
